 Dungeon Crawl Stone Soup version 0.17-a0-2208-ge5ab1d3 (webtiles) character file.

821 kae the Martial Artist (level 7, -8/43 HPs)
             Began as an Octopode Transmuter on Oct 26, 2015.
             Was an Initiate of Cheibriados.
             Mangled by Duffy's ghost (14 damage)
             ... on level 5 of the Dungeon.
             The game lasted 00:06:11 (6066 turns).

kae the Martial Artist (Octopode Transmuter)        Turns: 6066, Time: 00:06:11

Health: -8/43      AC:  1    Str: 15    XL:     7   Next: 95%
Magic:  10/10      EV: 12    Int: 16    God:    Cheibriados [......]
Gold:   169        SH:  3    Dex: 15    Spells: 3 memorised, 4 levels left

rFire  . . .     SeeInvis .       - Unarmed
rCold  . . .     Clarity  .     d - +0 buckler
rNeg   . . .     SustAt   .     (helmet restricted)
rPois  +         Gourm    .     u - amulet of resist mutation
rElec  .         Spirit   .     o - +4 ring of strength
rCorr  .         Warding  .     p - ring of poison resistance
rMut   +         Stasis   .     (no ring)
MR     .....                    (no ring)
Stlth  ++........               (no ring)
                                (no ring)
                                (no ring)
                                (no ring)

@: very slightly contaminated, very slow, not resistant to hostile enchantments,
unstealthy
A: almost no armour, amphibious, 8 rings, constrict 8, camouflage 1, gelatinous
body 1
a: Bend Time, Renounce Religion


You were on level 5 of the Dungeon.
You worshipped Cheibriados.
Cheibriados was noncommittal.
You were not hungry.

You visited 2 branches of the dungeon, and saw 6 of its levels.

You collected 214 gold pieces.
You spent 45 gold pieces at shops.

Inventory:

Missiles
 a - 84 arrows
 r - 9 arrows of flame
Armour
 d - a +0 buckler (worn)
Jewellery
 i - an uncursed ring of teleportation
 o - a +4 ring of strength (left tentacle)
 p - a ring of poison resistance (right tentacle)
 u - an amulet of resist mutation (around mantle)
 w - an uncursed amulet of rage
Wands
 x - a wand of fire (0)
Scrolls
 l - a scroll of enchant weapon
 n - 4 scrolls of identify
 q - 4 scrolls of remove curse
 s - a scroll of enchant armour {unknown}
 y - a scroll of magic mapping {unknown}
 z - a scroll of fear {unknown}
 B - a scroll of blinking
 D - a scroll of noise {unknown}
Potions
 e - 2 potions of magic
 g - a potion of invisibility
 j - 2 potions of lignification
 k - 2 potions of curing
 m - 2 potions of heal wounds
 t - 2 potions of flight
 C - a potion of agility {unknown}
 E - a potion of haste {unknown}
Books
 b - a book of Changes

   Spells                             Type                      Level
   a - Beastly Appendage              Transmutation                1
   b - Sticks to Snakes               Transmutation                2
   c - Spider Form                    Transmutation/Poison         3
   d - Ice Form                       Ice/Transmutation            4
   e - Blade Hands                    Transmutation                5
 v - a book of Beasts

   Spells                             Type                      Level
   a - Summon Butterflies             Summoning                    1
   b - Call Canine Familiar           Summoning                    3
   c - Summon Ice Beast               Ice/Summoning                4
   d - Summon Mana Viper              Hexes/Summoning              5
   e - Summon Hydra                   Summoning                    7
Comestibles
 c - 5 bread rations
 f - 6 fruits
 h - a beef jerky


   Skills:
 - Level 1.0 Fighting
 - Level 2.0 Dodging
 + Level 9.2 Unarmed Combat
 - Level 2.0 Spellcasting
 - Level 2.0 Transmutations


You had 4 spell levels left.
You knew the following spells:

 Your Spells              Type           Power        Failure   Level  Hunger
a - Beastly Appendage     Trmt           #.....       17%         1    #......
b - Sticks to Snakes      Trmt           #.........   24%         2    ###....
c - Spider Form           Trmt/Pois      #.........   71%         3    ###....


Dungeon Overview and Level Annotations

Branches:
Dungeon (5/15)             Temple (1/1) D:5

Altars:
Ashenzari
Cheibriados
Elyvilon
Nemelex Xobeh
Okawaru
Qazlal
Trog
Xom

Shops:
D:4 [

Annotations:
D:5 Duffy's ghost, amateur DrMo


Innate Abilities, Weirdness & Mutations

You cannot wear most types of armour.
You are amphibious.
You can wear up to eight rings at the same time.
You can use your tentacles to constrict eight enemies at once.
Your skin changes colour to match your surroundings (Stealth).
Your rubbery body absorbs attacks (AC +1).


Message History

Duffy's ghost is moderately damaged.
The jackal closely misses you. The giant cockroach bites you.
Unknown command.
You barely miss Duffy's ghost. Your squeeze misses Duffy's ghost.
Duffy's ghost is moderately damaged.
You block the jackal's attack. The giant cockroach misses you.
You barely miss Duffy's ghost. Your squeeze misses Duffy's ghost.
Duffy's ghost is moderately damaged.
The jackal misses you. Duffy's ghost hits you! The giant cockroach bites you.
The jackal bites you.
* * * LOW HITPOINT WARNING * * *
Unknown command.
You flicker back into view.
Duffy's ghost hits you.
* * * LOW HITPOINT WARNING * * *
You block the giant cockroach's attack. Duffy's ghost barely misses you.
The jackal closely misses you. You block the giant cockroach's attack.
Duffy's ghost lets out a mournful wail.
Duffy's ghost hits you!
You die...

.....(........#
#.#
....(..)......#
#.#
......[)......#
#.#
.(............#
#.#
..............#
#.#
#################
#.# .............#
#.#
#...#...#...####.#
...........sW@...#
#...#...#.†.######
.............#
############# #


You could see Duffy's ghost and a giant cockroach.

Vanquished Creatures
  An ogre (D:3)
  A centaur (D:3)
  A giant frog (D:4)
  Crazy Yiuf (D:2)
  An iguana (D:5)
  2 hounds
  An orc wizard (D:4)
  7 worker ants
  6 gnolls
  10 adders
  4 oozes
  A worm (D:2)
  3 giant geckos
  14 orcs
  4 giant cockroaches
  9 hobgoblins
  4 jackals (D:5)
  12 bats
  A giant gecko skeleton (D:5)
  12 giant newts
  11 goblins
  12 kobolds
  4 quokkas
  2 quokka skeletons (D:4)
  8 rats
  A fungus (D:2)
133 creatures vanquished.

Notes
Turn   | Place    | Note
--------------------------------------------------------------
     0 | D:1      | kae the Octopode Transmuter began the quest for the Orb.
     0 | D:1      | Reached XP level 1. HP: 13/13 MP: 3/3
    57 | D:1      | Reached XP level 2. HP: 1/18 MP: 3/5
   740 | D:1      | Reached skill level 4 in Unarmed Combat
   887 | D:1      | Reached XP level 3. HP: 20/23 MP: 6/6
  1409 | D:2      | Reached XP level 4. HP: 19/28 MP: 7/7
  1596 | D:2      | Reached skill level 5 in Unarmed Combat
  2210 | D:2      | Learned a level 2 spell: Sticks to Snakes
  2214 | D:2      | Learned a level 3 spell: Spider Form
  2233 | D:2      | Noticed Crazy Yiuf
  2245 | D:2      | Killed Crazy Yiuf
  2245 | D:2      | Reached XP level 5. HP: 33/33 MP: 8/8
  2568 | D:3      | Noticed an ogre
  2576 | D:3      | Killed an ogre
  2576 | D:3      | Reached skill level 6 in Unarmed Combat
  2576 | D:3      | Reached XP level 6. HP: 21/38 MP: 5/9
  2847 | D:3      | Noticed a centaur
  2857 | D:3      | Killed a centaur
  2857 | D:3      | Reached skill level 7 in Unarmed Combat
  3888 | D:3      | Found a sparkling altar of Nemelex Xobeh.
  4090 | D:4      | Reached XP level 7. HP: 43/43 MP: 8/10
  4226 | D:4      | Found Datadgh's Armour Shoppe.
  4234 | D:4      | Bought a +0 buckler for 45 gold pieces
  4448 | D:4      | Reached skill level 8 in Unarmed Combat
  5288 | D:5      | Entered Level 5 of the Dungeon
  5345 | D:5      | Found a staircase to the Ecumenical Temple.
  5378 | Temple   | Entered the Ecumenical Temple
  5548 | Temple   | Became a worshipper of Cheibriados the Contemplative
  5730 | D:5      | Reached skill level 9 in Unarmed Combat
  6032 | D:5      | Noticed Duffy's ghost (amateur DrMo)
  6066 | D:5      | Mangled by Duffy's ghost

Vault maps used:
D:1:      minmay_arrival_radiant_lines
D:2:      uniq_crazy_yiuf_cottage
D:3:      lemuel_crystal_altar, first_bread
D:4:      serial_shops, nicolae_shop_statue_plus, minmay_divided_ellipse
D:5:      lemuel_coloured_pillars_altar, minmay_temple_entry_glassed_door,
          grunt_decor_resistance, minmay_door_square
Temple:   temple_island_7

Action                   |  1- 3 |  4- 6 |  7- 9 || total
-------------------------+-------+-------+-------++-------
Melee: Unarmed           |    73 |   150 |   114 ||   337
 Cast: Beastly Appendage |     1 |     5 |     7 ||    13
       Spider Form       |       |     2 |       ||     2
Evoke: Wand              |       |       |     1 ||     1
  Use: Scroll            |     5 |     3 |     3 ||    11
       Potion            |       |     1 |     1 ||     2
 Stab: Sleeping          |     9 |    16 |     6 ||    31
       Invisible         |       |     3 |     2 ||     5
       Distracted        |       |     1 |       ||     1
  Eat: Chunk             |     1 |     9 |     7 ||    17
